 Dungeon Crawl Stone Soup version 0.27-a0-1060-gcb85b5eba1 (webtiles) character file.

Game seed: 17869989454062530244

67 siradein the Slasher (level 3, -5/33 HPs)
             Began as a Minotaur Gladiator on Apr 21, 2021.
             Slain by an ogre
             ... wielding a +0 giant club
              (11 damage)
             ... on level 3 of the Dungeon.
             The game lasted 00:03:27 (1526 turns).

siradein the Slasher (Minotaur Gladiator)           Turns: 1526, Time: 00:03:28

Health: -5/33      AC:  5    Str: 18    XL:     3   Next: 98%
Magic:  2/2        EV: 11    Int:  5    God:
Gold:   86         SH:  0    Dex: 12    Spells: 2/2 levels left

rFire    . . .     SeeInvis .   a - +0 long sword
rCold    . . .     Faith    .   (no shield)
rNeg     . . .     Spirit   .   l - +0 ring mail
rPois    .         Reflect  .   (helmet restricted)
rElec    .         Harm     .   (no cloak)
rCorr    .         Rampage  .   (no gloves)
Will     .....                  (no boots)
Stlth    +.........             (no amulet)
HPRegen  0.11/turn              (no ring)
MPRegen  0.08/turn              (no ring)

@: no status effects
A: horns 2, retaliatory headbutt
a: no special abilities


You were on level 3 of the Dungeon.
You visited 1 branch of the dungeon, and saw 3 of its levels.

You collected 86 gold pieces.

Inventory:

Hand Weapons
 a - a +0 long sword (weapon)
Missiles
 b - 7 boomerangs (quivered)
 d - 3 throwing nets
Armour
 l - a +0 ring mail (worn)
Scrolls
 c - a scroll of magic mapping {unknown}
 f - a scroll of enchant armour {unknown}
 h - a scroll of identify {unknown}
 i - a scroll of teleportation {unknown}
Potions
 e - 4 potions of curing {unknown}
 g - 2 potions of magic {unknown}
 j - a potion of invisibility {unknown}
 k - a potion of mutation {unknown}


   Skills:
 + Level 4.0 Fighting
 + Level 4.9 Long Blades
 - Level 2.0 Throwing
 - Level 3.2 Dodging


You had 2 spell levels left.
You didn't know any spells.
Your spell library was empty.

Dungeon Overview and Level Annotations

Branches:
Dungeon (3/15)

Altars:
Qazlal


Innate Abilities, Weirdness & Mutations

You have a pair of horns on your head.
You reflexively headbutt those who attack you in melee.


Message History

You hit the ball python.
The ball python is severely wounded.
The ball python bites you. The ball python grabs you.
The ball python constricts you. The ball python completely misses you.
The ball python constricts you.
You closely miss the ball python. Your headbutt misses the ball python.
The ball python is severely wounded.
The ball python bites you but does no damage.
The ball python constricts you.
You closely miss the ball python.
The ball python is severely wounded.
The ball python barely misses you. The ball python constricts you.
The ball python bites you but does no damage.
The ball python constricts you.
You closely miss the ball python.
The ball python is severely wounded.
The ball python bites you but does no damage.
The ball python constricts you.
You slash the ball python!
You kill the ball python!
You hit the endoplasm. You headbutt the endoplasm.
The endoplasm is severely wounded.
The endoplasm completely misses you.
You slash the endoplasm!
You kill the endoplasm!
You hit the hobgoblin but do no damage. The hobgoblin misses you.
You riposte.
You closely miss the hobgoblin. You headbutt the hobgoblin.
You kill the hobgoblin!
The ogre hits you with a +0 giant club!!
Ouch! That really hurt!
* * * LOW HITPOINT WARNING * * *
The goblin closely misses you.
You riposte.
You closely miss the goblin. You headbutt the goblin.
You kill the goblin!
Things that are here:
a hobgoblin corpse; a quokka corpse You hit the ogre.
Your headbutt misses the ogre.
The ogre is lightly wounded.
The ogre hits you with a +0 giant club!
You die...

##..#..##.#
....#
....$.....#.#..
.#
########..##.#
.# ##...#?#..#
##..###..#
#.......#
#....##.#
#O##....#
#@##.####
#.##.# #.##.#
#.##.# #.##.#
#####.##.#
.........#
###.....#
#..#.##


You could see an ogre.

Vanquished Creatures
  An adder (D:2)
  2 worms (D:2)
  A dart slug (D:2)
  3 endoplasms
  3 giant cockroaches
  4 goblins
  6 hobgoblins
  4 jackals (D:2)
  A kobold (D:1)
  5 quokkas
  4 ball pythons
  3 bats
  2 frilled lizards
  4 rats
43 creatures vanquished.

Notes
Turn   | Place    | Note
-------+----------+-------------------------------------------
     0 | D:1      | siradein the Minotaur Gladiator began the quest for the
                  | Orb.
     0 | D:1      | Reached XP level 1. HP: 18/18 MP: 0/0
   307 | D:1      | Reached XP level 2. HP: 25/25 MP: 1/1
   646 | D:2      | Reached XP level 3. HP: 27/31 MP: 2/2
   726 | D:2      | Found a faded altar of an unknown god.
  1472 | D:3      | Noticed a water elemental
  1474 | D:3      | Found a stormy altar of Qazlal.
  1503 | D:3      | Noticed an ogre
  1526 | D:3      | Slain by an ogre

Illustrated notes

Levels and vault maps discovered:
D:1:      mrwooster_arrival_statue, layout_rooms
D:2:      layout_loops_ring, hellmonk_ecumenical_altar_dog_temple
D:3:      layout_loops_ring, nicolae_qazlal_style_of_elements, serial_shops,
          nicolae_shop_temple_entry_statues_fountains,
          cheibrodos_sewer_entry_drain, amcnicky_mini_pool_small, fountainhead,
          minmay_vboxes

Skill      XL: |  1  2  3 |
---------------+----------+-----
Long Blades    | 4 |  4.9
Fighting       | 3 4 |  4.0
Throwing       | |  2.0
Dodging        | |  3.2

Action                   || total
-------------------------++-------
Melee: Long sword        ||    67
       Headbutt          ||    18
Armor: Leather armour    ||    10
       Ring mail         ||     6
Dodge: Dodged            ||    60
       Rpst.: Long sword ||    18

Table legend: (Time is in decaauts)
 A = Elapsed time spent in this place.
 B = Non-inter-level travel time spent in this place.
 C = Inter-level travel time spent in this place.
 D = Time resting spent in this place.
 E = Time spent auto-exploring this place.
 F = Levels seen in this place.
 G = Mean time per level.
                   A        B        C        D        E       F      G
               +--------+--------+--------+--------+--------+-----+--------+
         Total |   1537 |   1499 |     38 |      0 |   1221 |   3 |  512.3 |
       Dungeon |   1537 |   1499 |     38 |      0 |   1221 |   3 |  512.3 |
               +--------+--------+--------+--------+--------+-----+--------+

Top non-repeatable levels by time:
     D:2: 936 daAuts
     D:1: 523 daAuts
     D:3: 77 daAuts
